 Dungeon Crawl Stone Soup version 0.23-a0-808-gd21de94 (webtiles) character file.

1726 tilp the Spear-Bearer (level 9, -1/57 HPs)
             Began as a Merfolk Ice Elementalist on Jan 20, 2019.
             Was an Initiate of Makhleb.
             Slain by a wyvern zombie (12 damage)
             ... on level 6 of the Dungeon.
             The game lasted 00:20:22 (7316 turns).

tilp the Spear-Bearer (Merfolk Ice Elementalist)    Turns: 7316, Time: 00:20:23

Health: -1/57      AC: 11    Str: 12    XL:     9   Next: 4%
Magic:  21/21      EV: 13    Int: 17    God:    Makhleb [......]
Gold:   348        SH:  0    Dex: 17    Spells: 6/12 levels left

rFire    . . .     SeeInvis +   a - +3 trident
rCold    . . .     Gourm    .   (no shield)
rNeg     . . .     Faith    .   z - +1 leather armour {rPois}
rPois    +         Spirit   .   I - +0 helmet
rElec    .         Reflect  .   (no cloak)
rCorr    .         Harm     .   (no gloves)
MR       .....                  (no boots)
Stlth    +.........             (no amulet)
HPRegen  0.19/turn              y - ring "Macesm" {Str+3 Dex+3 SInv}
MPRegen  0.17/turn              J - ring of magical power

@: confused, icy armour
A: change form in water, swift swim, stealthy swim
a: Renounce Religion


You were on level 6 of the Dungeon.
You worshipped Makhleb.
Makhleb was noncommittal.
You were not hungry.

You visited 2 branches of the dungeon, and saw 8 of its levels.

You collected 348 gold pieces.

Inventory:

Hand Weapons
 a - a +3 trident (weapon)
 v - a +0 hunting sling
Missiles
 m - 16 sling bullets
 x - 135 stones (quivered)
 G - 3 throwing nets
Armour
 z - a +1 leather armour of poison resistance (worn)
 A - a +0 leather armour of fire resistance
 I - a +0 helmet (worn)
Magical Staves
 C - an uncursed staff of energy {unknown}
Jewellery
 e - a +2 ring of evasion {unknown}
 q - a +3 ring of evasion {unknown}
 y - the ring "Macesm" (left hand) {Str+3 Dex+3 SInv}
   (You found it on level 4 of the Dungeon)

   [ring of see invisible]

   It affects your strength (+3).
   It affects your dexterity (+3).
   It lets you see invisible.
 J - a ring of magical power (right hand)
Wands
 B - a wand of disintegration (15)
Scrolls
 d - a scroll of remove curse {unknown}
 f - a scroll of magic mapping
 i - a scroll of random uselessness {unknown}
 j - a scroll of enchant weapon
 n - 4 scrolls of teleportation
 p - a scroll of amnesia {unknown}
 r - a scroll of blinking
 s - a scroll of fear
 w - a scroll of enchant armour {unknown}
 F - a scroll of silence {unknown}
 H - a scroll of immolation {unknown}
 L - a scroll of noise {unknown}
Potions
 b - a potion of degeneration {unknown}
 g - a potion of curing
 h - a potion of berserk rage {unknown}
 k - a potion of ambrosia
 l - a potion of might {unknown}
 o - a potion of invisibility
 t - a potion of heal wounds {unknown}
 u - 2 potions of agility {unknown}
 D - a potion of magic {unknown}
 E - 3 potions of flight {unknown}
Comestibles
 c - 9 rations
 K - 9 chunks of flesh


   Skills:
 + Level 12.5 Polearms
 - Level 2.6 Dodging
 - Level 2.1 Stealth
 - Level 2.0 Spellcasting
 - Level 0.7 Conjurations
 - Level 8.0 Ice Magic


You had 6 spell levels left.
You knew the following spells:

 Your Spells              Type           Power        Failure   Level  Hunger
a - Freeze                Ice            ####         1%          1    #......
b - Throw Frost           Conj/Ice       ###...       6%          2    ###....
c - Ozocubu's Armour      Chrm/Ice       ###.....     14%         3    ###....

Your spell library contained the following spells:

 Spells                   Type           Power        Failure   Level  Hunger
 Throw Icicle             Conj/Ice       ###.....     38%         4    #####..
 Summon Ice Beast         Ice/Summ       ###.....     43%         4    #####..


Dungeon Overview and Level Annotations

Branches:
Dungeon (7/15)             Temple (1/1) D:7

Altars:
Ashenzari
Cheibriados
Elyvilon
Gozag
Hepliaklqana
Makhleb
Okawaru
Ru
Sif Muna
Trog
Vehumet
Yredelemnul
The Shining One

Annotations:
D:3 Sigmund
D:5 Dowan, Duvessa


Message History

The wyvern zombie closely misses you.
You puncture the wyvern zombie!
The wyvern zombie is heavily damaged.
The wyvern zombie bites you.
You puncture the wyvern zombie!
The wyvern zombie is almost destroyed.
The wyvern zombie bites you.
You barely miss the wyvern zombie.
The wyvern zombie is almost destroyed.
The wyvern zombie bites you.
You hit the wyvern zombie.
The wyvern zombie is almost destroyed.
The wyvern zombie bites you.
You barely miss the wyvern zombie.
The wyvern zombie is almost destroyed.
The wyvern zombie bites you!
* * * LOW HITPOINT WARNING * * *
You are confused.
You feel invigorated. The wyvern zombie bites you!
You die...

###.####.#...##.#.# #.#
.........#...##.#.# #.#
###.######...##.#.# #.#
.............##.#.#
.....#####.#.##.#.#
.....# #.#.##.#.#######
.....# #.#.............
.....#####.##############
........##.....Z@........
........#########.######
........# ###.###
..#.######### #.....#
............. #.#.###
............. #.._..#
)............ ###.#.#
............. #.....#
......(##########.###


You could see a wyvern zombie.

Vanquished Creatures
  2 hippogriffs
  A hungry ghost (D:7)
  A sky beast (D:7)
  An ice beast (D:7)
  3 ogres
  A centaur (D:7)
  A gnoll sergeant (D:6)
  A bullfrog (D:7)
  A scorpion (D:4)
  A centaur zombie (D:6)
  3 orc wizards
  An orc priest (D:7)
  2 iguanas
  3 worker ants
  A hound skeleton (D:5)
  A worker ant zombie (D:6)
  6 gnolls
  8 adders
  A shadow imp (D:7)
  2 oozes
  2 worms (D:3)
  5 dart slugs
  2 leopard geckos (D:3)
  15 orcs
  5 giant cockroaches
  4 goblins
  8 hobgoblins
  11 jackals
  3 quokkas
  2 ball pythons
  6 bats
  3 frilled lizards
  6 kobolds
  8 rats
121 creatures vanquished.

Notes
Turn   | Place    | Note
-------+----------+-------------------------------------------
     0 | D:1      | tilp the Merfolk Ice Elementalist began the quest for the
                  | Orb.
     0 | D:1      | Reached XP level 1. HP: 13/13 MP: 3/3
   317 | D:1      | Reached XP level 2. HP: 19/19 MP: 1/5
   433 | D:1      | Learned a level 2 spell: Throw Frost
  1004 | D:1      | Reached XP level 3. HP: 21/24 MP: 6/6
  1408 | D:2      | Reached skill level 5 in Ice Magic
  1548 | D:2      | Reached XP level 4. HP: 30/30 MP: 7/7
  2609 | D:3      | Reached XP level 5. HP: 35/35 MP: 2/8
  2985 | D:3      | Noticed Sigmund
  3388 | D:4      | Learned a level 3 spell: Ozocubu's Armour
  3647 | D:4      | Reached XP level 6. HP: 41/41 MP: 5/9
  3909 | D:4      | Got a scorched platinum ring
  4286 | D:4      | Reached skill level 1 in Polearms
  4324 | D:4      | Reached skill level 2 in Polearms
  4424 | D:5      | Entered Level 5 of the Dungeon
  4651 | D:5      | Noticed Dowan
  4705 | D:5      | Reached skill level 3 in Polearms
  4705 | D:5      | Reached XP level 7. HP: 43/46 MP: 10/10
  4724 | D:5      | Noticed Duvessa
  4724 | D:5      | Noticed a hippogriff
  4767 | D:4      | Killed a hippogriff
  4767 | D:4      | Reached skill level 5 in Polearms
  5089 | D:5      | Reached skill level 6 in Polearms
  5195 | D:5      | You fall through a shaft for 2 floors!
  5195 | D:7      | Found a staircase to the Ecumenical Temple.
  5217 | D:7      | Found a glowing golden altar of the Shining One.
  5217 | D:7      | Found a basalt altar of Yredelemnul.
  5223 | Temple   | Entered the Ecumenical Temple
  5260 | Temple   | Became a worshipper of Makhleb the Destroyer
  5299 | D:7      | Found a shattered altar of Ashenzari.
  5299 | D:7      | Found a sacrificial altar of Ru.
  5299 | D:7      | Found an iron altar of Okawaru.
  5299 | D:7      | Found a hazy altar of Hepliaklqana.
  5299 | D:7      | Found a white marble altar of Elyvilon.
  5303 | D:7      | Found a radiant altar of Vehumet.
  5304 | D:7      | Found a bloodstained altar of Trog.
  5347 | D:7      | Identified the ring "Macesm" {Str+3 Dex+3 SInv} (You found
                  | it on level 4 of the Dungeon)
  5370 | D:7      | Reached skill level 7 in Polearms
  5505 | D:7      | Reached skill level 8 in Polearms
  5505 | D:7      | Reached XP level 8. HP: 33/52 MP: 0/11
  5805 | D:7      | Reached skill level 9 in Polearms
  5963 | D:7      | Noticed a hippogriff
  5976 | D:7      | Killed a hippogriff
  5976 | D:7      | Reached skill level 10 in Polearms
  6508 | D:7      | Reached skill level 11 in Polearms
  6854 | D:7      | Reached skill level 12 in Polearms
  7130 | D:6      | Reached XP level 9. HP: 44/57 MP: 3/12
  7286 | D:6      | Found an opulent altar of Gozag.
  7316 | D:6      | Slain by a wyvern zombie

Vault maps used:
D:1:      dpeg_arrival_simpleton_a, feat_on_display
D:3:      uniq_sigmund
D:5:      first_ration, uniq_duvessa
D:6:      kennysheep_big_flooded_room,
          nicolae_gozag_cash_rules_everything_around_me, serial_shops,
          kennysheep_little_box
D:7:      minitemple, minmay_temple_entry_drinking_statues, grunt_ogre_cave,
          roderic_lattice_a
Temple:   minmay_temple_curvy_loop

Skill      XL: |  1  2  3  4  5  6  7  8 |
---------------+-------------------------+-----
Ice Magic      | 4 5 6 7 8 |  8.0
Polearms       | 3 8 12 | 12.5
Dodging        | |  2.6
Stealth        | |  2.1
Spellcasting   | |  2.0
Conjurations   | |  0.7

Action                   |  1- 3 |  4- 6 |  7- 9 || total
-------------------------+-------+-------+-------++-------
Melee: Unarmed           |     6 |       |       ||     6
       Spear             |    77 |   151 |    29 ||   257
       Trident           |       |       |    90 ||    90
Throw: Stone             |    17 |     1 |     8 ||    26
 Cast: Freeze            |    35 |    64 |    64 ||   163
       Ozocubu's Armour  |       |     3 |    12 ||    15
       Throw Frost       |       |       |     4 ||     4
  Use: Scroll            |     1 |     4 |     4 ||     9
       Potion            |       |       |     3 ||     3
 Stab: Sleeping          |     1 |    14 |     1 ||    16
       Distracted        |       |     1 |       ||     1
  Eat: Chunk             |     3 |    11 |    12 ||    26
       Ration            |       |       |     2 ||     2
Armor: Robe              |     1 |       |       ||     1
       Leather armour    |    22 |    33 |    38 ||    93
Dodge: Dodged            |    65 |    95 |    84 ||   244

Table legend:
 A = Non-vault XP
 B = Vault XP
 C = Vault XP percentage of total XP
 D = Non-vault monster count
 E = Vault monster count
 F = Vault count percentage of total count
                 A         B        C        D         E       F
            +---------+---------+-------+---------+---------+-------
      Total |    2340 |     127 |   5.1 |     120 |       1 |   0.8
            +---------+---------+-------+---------+---------+-------
        D:1 |      46 |       0 |   0.0 |      23 |       0 |   0.0
        D:2 |      71 |       0 |   0.0 |      24 |       0 |   0.0
        D:3 |     101 |       0 |   0.0 |      24 |       0 |   0.0
        D:4 |     595 |       0 |   0.0 |      14 |       0 |   0.0
        D:5 |     146 |       0 |   0.0 |       9 |       0 |   0.0
        D:6 |     208 |       0 |   0.0 |       9 |       0 |   0.0
        D:7 |    1173 |     127 |   9.8 |      17 |       1 |   5.6
            +---------+---------+-------+---------+---------+-------
